 Dungeon Sprint DCSS version 0.18-a0-1562-gac8da35 (webtiles) character file.

1937 pipel the Protected (level 8, -5/67 HPs)
             Began as a Minotaur Necromancer on Mar 13, 2016.
             Was a High Priest of Makhleb.
             Engulfed by a fire crab's flame (27 damage)
             ... in the Dungeon (Sprint VII: "The Pits").
             The game lasted 00:16:21 (656 turns).

pipel the Protected (Minotaur Necromancer)           Turns: 656, Time: 00:16:21

Health: -5/67      AC: 17    Str: 16    XL:     8   Next: 97%
Magic:  10/12      EV: 10    Int: 15    God:    Makhleb [*****.]
Gold:   0          SH:  0    Dex: 10    Spells: 4 memorised, 1 level left

rFire  . . .     SeeInvis .     a - +1 trident (pierce)
rCold  . . .     Gourm    .     e - +3 scale mail
rNeg   . . .     Faith    .     (no shield)
rPois  .         Spirit   .     (helmet restricted)
rElec  .         Dismiss  .     (no cloak)
rCorr  .         Reflect  .     C - +0 pair of gloves
SustAt .         Harm     .     D - +0 pair of boots
MR     .....     NoTele   +     (no amulet)
Stlth  ..........               z - +3 ring of protection
                                y - +3 ring of intelligence

@: not resistant to hostile enchantments, extremely unstealthy
A: retaliatory headbutt, horns 2
a: Minor Destruction, Lesser Servant of Makhleb, Major Destruction, Greater
Servant of Makhleb, Renounce Religion


You were in the Dungeon.
You worshipped Makhleb.
Makhleb was extremely pleased with you.
You were hungry.

You visited 1 branch

Inventory:

Hand Weapons
 a - a +1 trident of piercing (weapon)
 u - a +2 trident
 B - a +2 halberd of protection
 E - a +2 scimitar of flaming
Missiles
 n - 14 stones (quivered)
Armour
 d - a +0 scale mail of cold resistance
 e - a +3 scale mail (worn)
 j - a +0 robe
 C - a +0 pair of gloves (worn)
 D - a +0 pair of boots (worn)
Magical Staves
 b - an uncursed staff of energy
Jewellery
 y - a +3 ring of intelligence (left hand)
 z - a +3 ring of protection (right hand)
Wands
 h - a wand of random effects (24/48)
Scrolls
 i - a scroll of blinking
 p - 3 scrolls of remove curse
 q - 5 scrolls of amnesia
 r - a scroll of summoning
 s - 2 scrolls of vulnerability
Potions
 f - 4 potions of haste
 g - 4 potions of magic
 m - a potion of invisibility
 t - a potion of agility
 v - 2 potions of heal wounds
 w - 6 potions of curing
 x - a potion of berserk rage
 A - a potion of cure mutation
Books
 o - a book of Necromancy

   Spells                             Type                      Level
   a - Pain                           Necromancy                   1
   b - Animate Skeleton               Necromancy                   1
   c - Vampiric Draining              Necromancy                   3
   d - Regeneration                   Charms/Necromancy            3
   e - Animate Dead                   Necromancy                   4
   f - Control Undead                 Necromancy                   4
Comestibles
 c - 7 bread rations
 k - 40 fruits
 l - 7 meat rations


   Skills:
 - Level 4.9 Fighting
 + Level 9.6 Polearms
 * Level 10.5 Armour
 - Level 2.1 Dodging
 - Level 1.5 Stealth
 - Level 1.8 Spellcasting
 + Level 5.5 Charms
 + Level 8.9 Necromancy
 - Level 7.7 Invocations
 - Level 1.2 Evocations


You had one spell level left.
You knew the following spells:

 Your Spells              Type           Power        Failure   Level  Hunger
a - Animate Skeleton      Necr           N/A          1%          1    ##.....
b - Pain                  Necr           ####         1%          1    ##.....
c - Control Undead        Necr           ####......   21%         4    #####..
r - Regeneration          Chrm/Necr      ###.......   12%         3    ####...


Dungeon Overview and Level Annotations

Branches:
Dungeon (1/1)

Altars:
Ashenzari
Cheibriados
Dithmenos
Elyvilon
Fedhas
Kikubaaqudgha
Makhleb
Nemelex Xobeh
Okawaru
Pakellas
Ru
Sif Muna
Trog
Vehumet
Xom
Yredelemnul
Zin
The Shining One
Beogh
Jiyva
Lugonu


Innate Abilities, Weirdness & Mutations

You reflexively headbutt those who attack you in melee.
You have a pair of horns on your head.


Message History

Unknown command.
A demon appears!
You are feeling hungry.
Something hits your orange demon. Something hits your orange demon!
Your neqoxec is engulfed in roaring flames.
Something barely misses your neqoxec. The fire crab breathes flames at you.
The blast of flame engulfs you!
You take 13 damage, and have 35/67 hp.
Unknown command.
You swap places.
You are engulfed in roaring flames.
Something hits you but does no damage.
Your neqoxec is engulfed in roaring flames.
Your orange demon is engulfed in roaring flames.
There is an open door here.
You see here a boulder beetle corpse.
You take 13 damage, and have 22/67 hp.
Unknown command.
You are engulfed in roaring flames.
You die...

................#
###'#####''#####
.......##''################
.......##..#.k...B........#
.......##..##.z3...........
...<...##..#### #'# ###
.......##..#..#####.## ..#
.......##..#....##§..#...#
.......##..'....@#§..#...#
#########..'...§§§34t†.|.+
#########..'...§§#§..#...
..#...[##..#...§##...#
..#...[##..#..#####3##
..'..))##..#### #+#
..#..))##..# ..#...)##..#
########


You could see a fire crab, a friendly orange demon, a friendly smoke demon and a
friendly neqoxec.

Vanquished Creatures
  A rime drake (D)
  2 flying skulls (D)
  A ynoxinul (D)
  A porcupine (D)
  An ice beast (D)
  A wolf (D)
  A centaur (D)
  A scorpion (D)
  A jelly (D)
  An iron imp (D)
  Jessica (D)
  A worker ant (D)
  An adder (D)
  A giant eyeball (D)
  An adder skeleton (D)
  An orc (D)
  A goblin (D)
  2 kobolds (D)
20 creatures vanquished.

Vanquished Creatures (collateral kills)
  A hydra (D)
  A sea snake (D)
  An efreet (D)
  A giant leech (D)
  2 boulder beetles (D)
  A shadow (D)
  A scorpion (D)
  A worker ant (D)
  A gnoll (D)
  A river rat (D)
  A white imp (D)
12 creatures vanquished.

Vanquished Creatures (others)
  A frost giant (D)
  A deep elf demonologist (D)
  A green death (D)
  A sixfirhy (D)
  A snapping turtle (shapeshifter) (D)
  A warg (D)
6 creatures vanquished.

Grand Total: 38 creatures vanquished

Notes
Turn   | Place    | Note
--------------------------------------------------------------
     0 | D        | pipel the Minotaur Necromancer began the quest for the Orb.
     0 | D        | Reached XP level 1. HP: 14/14 MP: 1/1
     5 | D        | Killed a deep elf demonologist
     8 | D        | Killed a green death
    14 | D        | Killed a frost giant
    24 | D        | Killed a snapping turtle
    31 | D        | Found a sacrificial altar of Ru.
    31 | D        | Found a basalt altar of Yredelemnul.
    31 | D        | Found a glowing golden altar of the Shining One.
    31 | D        | Found a deep blue altar of Sif Muna.
    31 | D        | Found a burning altar of Makhleb.
    31 | D        | Found an ancient bone altar of Kikubaaqudgha.
    31 | D        | Found a glowing silver altar of Zin.
    32 | D        | Found a shadowy altar of Dithmenos.
    32 | D        | Found a bloodstained altar of Trog.
    32 | D        | Found a shattered altar of Ashenzari.
    32 | D        | Found a white marble altar of Elyvilon.
    32 | D        | Found a snail-covered altar of Cheibriados.
    32 | D        | Found a blossoming altar of Fedhas.
    32 | D        | Found a radiant altar of Vehumet.
    32 | D        | Found a shimmering altar of Xom.
    32 | D        | Found a sparkling altar of Nemelex Xobeh.
    32 | D        | Found a corrupted altar of Lugonu.
    32 | D        | Found a viscous altar of Jiyva.
    32 | D        | Found a roughly hewn altar of Beogh.
    32 | D        | Found an iron altar of Okawaru.
    33 | D        | Found an oddly glowing altar of Pakellas.
    35 | D        | Became a worshipper of Makhleb the Destroyer
    57 | D        | Learned a level 1 spell: Animate Skeleton
    63 | D        | Noticed a worker ant
    69 | D        | Killed a worker ant
    69 | D        | Reached skill level 5 in Necromancy
    69 | D        | Reached XP level 2. HP: 20/20 MP: 0/3
    74 | D        | Reached * piety under Makhleb
   101 | D        | Reached XP level 3. HP: 22/26 MP: 4/4
   115 | D        | Learned a level 3 spell: Regeneration
   127 | D        | Noticed a wolf
   138 | D        | Killed a wolf
   138 | D        | Reached ** piety under Makhleb
   138 | D        | Reached skill level 1 in Polearms
   138 | D        | Reached XP level 4. HP: 15/37 MP: 2/5
   141 | D        | Reached skill level 1 in Evocations
   194 | D        | Reached *** piety under Makhleb
   255 | D        | Reached skill level 1 in Invocations
   255 | D        | Reached XP level 5. HP: 43/45 MP: 6/6
   259 | D        | Noticed Jessica
   266 | D        | Noticed a smoke demon
   273 | D        | Reached skill level 1 in Charms
   274 | D        | Reached **** piety under Makhleb
   276 | D        | Killed Jessica
   281 | D        | Noticed a porcupine
   291 | D        | Killed a porcupine
   291 | D        | Reached XP level 6. HP: 32/55 MP: 7/7
   335 | D        | Reached skill level 1 in Armour
   339 | D        | Noticed a sea snake
   355 | D        | Killed a sea snake
   355 | D        | Reached skill level 6 in Armour
   355 | D        | Reached XP level 7. HP: 40/60 MP: 8/10
   361 | D        | Noticed a flying skull
   363 | D        | Reached ***** piety under Makhleb
   374 | D        | Reached skill level 7 in Armour
   390 | D        | Killed a flying skull
   419 | D        | Noticed a shadow
   419 | D        | Noticed a giant leech
   433 | D        | Killed a giant leech
   433 | D        | Reached skill level 8 in Armour
   436 | D        | Killed a shadow
   436 | D        | Reached XP level 8. HP: 42/67 MP: 7/12
   443 | D        | Learned a level 4 spell: Control Undead
   560 | D        | Noticed an efreet
   560 | D        | Noticed a four-headed hydra
   570 | D        | Killed an efreet
   576 | D        | Killed a four-headed hydra
   576 | D        | Reached skill level 10 in Armour
   576 | D        | Reached skill level 5 in Charms
   596 | D        | Noticed a rime drake
   596 | D        | Noticed a flying skull
   600 | D        | Noticed a boulder beetle
   603 | D        | Killed a rime drake
   612 | D        | Noticed a boulder beetle
   634 | D        | Killed a boulder beetle
   641 | D        | Killed a boulder beetle
   644 | D        | Noticed a fire crab
   648 | D        | Killed a sixfirhy
   656 | D        | Engulfed by a fire crab's flame

Vault maps used:
D:        pitsprint

Skill      XL: |  1  2  3  4  5  6  7  8 |
---------------+-------------------------+-----
Necromancy     | 5 7 8 |  8.9
Fighting       | 2 3 4 |  4.9
Polearms       | 1 2 3 6 7 9 |  9.6
Evocations     | 1 |  1.2
Invocations    | 1 3 6 7 |  7.7
Charms         | 1 3 4 5 |  5.5
Armour         | 6 8 10 | 10.5
Dodging        | |  2.1
Stealth        | |  1.5
Spellcasting   | |  1.8

Action                   |  1- 3 |  4- 6 |  7- 9 || total
-------------------------+-------+-------+-------++-------
Melee: Trident           |    17 |    30 |    53 ||   100
       Unarmed           |     2 |       |       ||     2
 Cast: Animate Skeleton  |     1 |     2 |     1 ||     4
       Pain              |     1 |       |       ||     1
       Regeneration      |     2 |     6 |     7 ||    15
       Control Undead    |       |       |     1 ||     1
Invok: Lesser Servant of |       |     5 |    17 ||    22
       Minor Destruction |       |       |     3 ||     3
       Major Destruction |       |       |     2 ||     2
Evoke: Staff of energy   |     3 |    14 |     3 ||    20
  Use: Potion            |     4 |     6 |     1 ||    11
 Stab: Sleeping          |     1 |       |       ||     1
       Distracted        |       |       |     3 ||     3
       Invisible         |       |       |     1 ||     1
  Eat: Chunk             |       |     2 |       ||     2
       Bread ration      |       |       |     1 ||     1
